 Dungeon Crawl Stone Soup version 0.27.1-34-g3ba077fa99 (webtiles) character file.

Game seed: 2866161155765710490

130 comborobin the Ruffian (level 4, -7/44 HPs)
             Began as a Troll Delver on Jan 8, 2022.
             Mangled by an ogre (19 damage)
             ... on level 4 of the Dungeon.
             The game lasted 00:01:04 (538 turns).

comborobin the Ruffian (Troll Delver)                Turns: 538, Time: 00:01:05

Health: -7/44      AC:  4    Str: 21    XL:     4   Next: 90%
Magic:  3/3        EV:  9    Int:  6    God:
Gold:   43         SH:  0    Dex: 11    Spells: 3/3 levels left

rFire    . . .     SeeInvis .     - Unarmed
rCold    . . .     Faith    .   (no shield)
rNeg     . . .     Spirit   .   a - +0 robe
rPois    .         Reflect  .   (helmet restricted)
rElec    .         Harm     .   (no cloak)
rCorr    .         Rampage  .   (gloves unavailable)
Will     .....                  (boots unavailable)
Stlth    ++........             (no amulet)
HPRegen  1.14/turn              (no ring)
MPRegen  0.08/turn              (no ring)

@: hasted, very quick
A: large, unfitting armour, claws 3, regeneration 1, shaggy fur 1, tough skin 1
a: no special abilities


You were on level 4 of the Dungeon.
You visited 1 branch of the dungeon, and saw 5 of its levels.

You collected 43 gold pieces.

Inventory:

Armour
 a - a +0 robe (worn)
Wands
 f - a wand of digging (3)
Scrolls
 b - a scroll of fog
 c - a scroll of magic mapping
 d - a scroll of fear
 g - a scroll of enchant armour {unknown}
Potions
 e - a potion of haste


   Skills:
 - Level 2.4 Fighting
 - Level 1.5 Dodging
 - Level 2.7 Stealth
 + Level 5.2 Unarmed Combat


You had 3 spell levels left.
You didn't know any spells.
Your spell library was empty.

Dungeon Overview and Level Annotations

Branches:
Dungeon (7/15)
 Temple: D:4-7

Altars:


Innate Abilities, Weirdness & Mutations

You are too large for most types of armour.
You have claws for hands.
Your natural rate of healing is unusually fast.
You are covered in fur. (AC +1)
You have tough skin. (AC +1)


Message History

You barely miss the iguana.
The iguana is severely wounded.
The iguana bites you!
You claw the iguana!
You kill the iguana!
Your Unarmed Combat skill increases to level 5!
No target in view!
No target in view!
You start resting.
HP restored.
You start waiting.
Done waiting.
You climb downwards.
The hound skeleton bites you but does no damage.
The ogre barely misses you. The hound skeleton barely misses you.
There is a stone staircase leading up here.
Unknown command.
Unknown command.
Unknown command.
The hound skeleton bites you but does no damage. x2
You claw the hound skeleton!
The hound skeleton is heavily damaged.
The hound skeleton bites you.
The ogre hits you with a +0 giant spiked club!!
Ouch! That really hurt!
* * * LOW HITPOINT WARNING * * *
The hound skeleton misses you.
You see here a +0 scale mail.
You see here 18 gold pieces.
You now have 43 gold pieces (gained 18).
You feel yourself speed up.
The ogre hits you with a +0 giant spiked club!!
Ouch! That really hurt!
* * * LOW HITPOINT WARNING * * *
You see here a +0 scale mail.
You scratch the ogre but do no damage. The hound skeleton barely misses you.
The hound skeleton barely misses you.
Found a scroll labelled FOBAIW WAMUI.
The ogre hits you with a +0 giant spiked club!!
You die...

#.........##
#..........##
######......##
#.......##
##.......#
#.......#.
##..##.##
#..#####.#.
##..@.......
#.[OZ#....?.
#....# .....
#....# ....
###..# ...
#.##
##..>..##..
### #........
#......$. ...
#.......#


You could see an ogre and a hound skeleton.

Vanquished Creatures
  A jelly (D:6)
  An orc priest (D:5)
  An iguana (D:3)
  An orc wizard (D:5)
  An adder (D:3)
  A dart slug (D:4)
  An orc (D:5)
  An endoplasm (D:3)
  A kobold (D:3)
  2 bats (D:3)
  A frilled lizard (D:3)
12 creatures vanquished.

Notes
Turn   | Place    | Note
-------+----------+-------------------------------------------
     0 | D:5      | comborobin the Troll Delver began the quest for the Orb.
     0 | D:5      | Reached XP level 1. HP: 22/22 MP: 0/0
     1 | D:6      | Noticed a jelly
    10 | D:6      | Killed a jelly
    11 | D:6      | Reached skill level 3 in Unarmed Combat
    11 | D:6      | Reached XP level 2. HP: 26/29 MP: 1/1
    11 | D:6      | Reached XP level 3. HP: 33/36 MP: 2/2
    41 | D:5      | Reached skill level 4 in Unarmed Combat
    45 | D:5      | Reached XP level 4. HP: 34/44 MP: 3/3
   358 | D:4      | Noticed an ogre
   389 | D:3      | Reached skill level 5 in Unarmed Combat
   538 | D:4      | Mangled by an ogre

Illustrated notes

Levels and vault maps discovered:
D:3:      layout_basic, small_statue_intersection
D:4:      layout_cave_pools, kennysheep_diamond, kennysheep_small_circle,
          uniq_menkaure, uniq_duvessa
D:5:      layout_basic, kennysheep_generic_room_8, uniq_prince_ribbit1
D:6:      lemuel_castle_with_subvaults [lemuel_castle_interior_carwin_2],
          layout_rooms, lemuel_round_altar
D:7:      layout_basic, minmay_temple_entry_overgrown, serial_shops,
          nicolae_diamond_shop, uniq_joseph, uniq_maggie

Skill      XL: |  1  2  3  4 |
---------------+-------------+-----
Unarmed Combat | 3 4 5 |  5.2
Fighting       | |  2.4
Dodging        | |  1.5
Stealth        | |  2.7

Action                   |  1- 3 |  4- 6 || total
-------------------------+-------+-------++-------
Melee: Unarmed           |    10 |    19 ||    29
       Punch             |     1 |       ||     1
  Use: Potion            |       |     1 ||     1
 Stab: Sleeping          |       |     3 ||     3
Armor: Robe              |     2 |     9 ||    11
Dodge: Dodged            |     3 |    17 ||    20
